 Dungeon Crawl Stone Soup version 0.29-a0-520-gc852659d43 (webtiles) character file.

Game seed: 5647991805287124550

168 bande the Skirmisher (level 5, -2/33 HPs)
             Began as a Gargoyle Fighter on May 31, 2022.
             Slain by an orc priest
             ... wielding a +4 flail
              (6 damage)
             ... on level 4 of the Dungeon.
             The game lasted 00:04:05 (2696 turns).

bande the Skirmisher (Gargoyle Fighter)             Turns: 2696, Time: 00:04:06

Health: -2/33      AC: 12    Str: 20    XL:     5   Next: 48%
Magic:  0/5        EV:  9    Int:  8    God:
Gold:   213        SH:  4    Dex: 11    Spells: 4/4 levels left

rFire   . . .      SeeInvis .   a - +1 war axe
rCold   . . .      Faith    .   c - +0 buckler
rNeg    + . .      Spirit   +   b - +0 scale mail
rPois   ∞          Reflect  .   (no helmet)
rElec   +          Harm     .   (no cloak)
rCorr   +          Rampage  .   (no gloves)
Will    .....                   g - +0 pair of boots
Stlth   ..........              e - amulet of guardian spirit
HPRegen 0.11/turn               q - ring of resist corrosion
MPRegen 0.09/turn               (no ring)

@: no status effects
A: sickness immunity, AC +4, negative energy resistance 1, electricity
resistance, torment resistance 1, petrification resistance
a: no special abilities


You were on level 4 of the Dungeon.
You visited 1 branch of the dungeon, and saw 4 of its levels.

You collected 213 gold pieces.

Inventory:

Hand Weapons
 a - a +1 war axe (weapon)
 i - a +1 mace of draining
Armour
 b - a +0 scale mail (worn)
 c - a +0 buckler (worn)
 g - a +0 pair of boots (worn)
Jewellery
 e - an amulet of guardian spirit (around neck)
 l - an amulet of reflection
 q - a ring of resist corrosion (left hand)
Wands
 h - a wand of mindburst (18)
Scrolls
 f - 2 scrolls of enchant weapon
Potions
 d - a potion of might
 j - 2 potions of heal wounds
 k - a potion of attraction {unknown}
 m - 2 potions of magic {unknown}
 n - a potion of flight {unknown}
 o - a potion of degeneration {unknown}
 p - 2 potions of curing {unknown}


   Skills:
 + Level 4.2 Fighting
 + Level 3.2 Axes
 + Level 3.9 Armour
 + Level 3.8 Shields
 * Level 1.5 Evocations


You had 4 spell levels left.
You didn't know any spells.
Your spell library was empty.

Dungeon Overview and Level Annotations

Branches:
Dungeon (4/15)
 Temple: D:4-7

Altars:


Innate Abilities, Weirdness & Mutations

You are immune to sickness and miasma.
Your stone body is resilient. (AC +4)
You are immune to poison.
You resist negative energy. (rN+)
You are resistant to electric shocks. (rElec)
You are resistant to unholy torment.
You are immune to petrification.


Message History

The orc priest hits you with a +4 flail!
You are too injured to fight recklessly!
You are too injured to fight recklessly!
You are too injured to fight recklessly!
You are too injured to fight recklessly!
You are too injured to fight recklessly!
You are too injured to fight recklessly!
You are too injured to fight recklessly!
You are too injured to fight recklessly!
You are too injured to fight recklessly!
You barely miss the orc priest.
The orc priest is moderately wounded.
You block the orc priest's attack.
You barely miss the orc priest.
The orc priest is moderately wounded.
You block the orc priest's attack.
You closely miss the orc priest.
The orc priest is moderately wounded.
The orc priest invokes the aid of Beogh against you.
Beogh smites you!
The orc priest looks encouraged for a moment.
You hit the orc priest.
The orc priest is severely wounded.
The orc priest barely misses you.
You completely miss the orc priest.
The orc priest is severely wounded.
The orc priest barely misses you. You block the orc priest's attack.
You hit the orc priest but do no damage.
The orc priest is severely wounded.
The orc priest hits you with a +4 flail.
* * * LOW HITPOINT WARNING * * *
You hit the orc priest.
The orc priest is almost dead.
The orc priest hits you with a +4 flail.
* * * LOW HITPOINT WARNING * * *
You barely miss the orc priest.
The orc priest is almost dead.
A quokka comes into view.
The orc priest hits you with a +4 flail!
You die...

## r### # #......
.#.#..# .#.#..#
.....#
######....#
###..)<.....####
#......@.......#
#.#.####o<...#.##
# #.........
#......##.
#......# ##....##
#.##... #.# .#.#
..# .#.#


You could see an orc priest and a quokka (wandering).

Vanquished Creatures
  A centaur (D:3)
  3 adders
  A worm (D:2)
  A dart slug (D:2)
  3 orcs
  5 ball pythons
  5 bats
  6 endoplasms
  6 giant cockroaches
  2 goblins
  A hobgoblin (D:1)
  2 jackals (D:1)
  6 kobolds
  2 quokkas
  2 frilled lizards
  3 rats
49 creatures vanquished.

Notes
Turn   | Place    | Note
-------+----------+-------------------------------------------
     0 | D:1      | bande the Gargoyle Fighter began the quest for the Orb.
     0 | D:1      | Reached XP level 1. HP: 14/14 MP: 1/1
   197 | D:1      | Reached XP level 2. HP: 19/19 MP: 2/2
   785 | D:2      | Reached XP level 3. HP: 24/24 MP: 3/3
  1134 | D:2      | Reached skill level 4 in Fighting
  1284 | D:2      | Found a faded altar of an unknown god.
  1645 | D:3      | Reached XP level 4. HP: 23/29 MP: 4/4
  1829 | D:3      | Noticed a centaur
  1838 | D:3      | Killed a centaur
  1839 | D:3      | Reached skill level 1 in Evocations
  1839 | D:3      | Reached XP level 5. HP: 14/33 MP: 3/5
  2696 | D:4      | Slain by an orc priest

Illustrated notes

Levels and vault maps discovered:
D:1:      tarquinn_simple_flora_water_a, layout_basic, kennysheep_minor_cross
D:2:      layout_rooms, shapermc_ecumenical_altar_hornbeckon
D:3:      layout_loops_ring
D:4:      layout_loops_ring, mainiacjoe_overflow_divided_tiny, minmay_vboxes

Skill      XL: |  1  2  3  4 |
---------------+-------------+-----
Axes           | 2 3 |  3.2
Fighting       | 4 |  4.2
Evocations     | 1 |  1.5
Armour         | |  3.9
Shields        | |  3.8

Action                   |  1- 3 |  4- 6 || total
-------------------------+-------+-------++-------
Melee: War axe           |   113 |    40 ||   153
  Use: Scroll            |     6 |       ||     6
Armor: Scale mail        |    67 |    24 ||    91
Dodge: Dodged            |    67 |    19 ||    86
Block: Buckler           |    20 |    14 ||    34

Table legend: (Time is in decaauts)
 A = Elapsed time spent in this place.
 B = Non-inter-level travel time spent in this place.
 C = Inter-level travel time spent in this place.
 D = Time resting spent in this place.
 E = Time spent auto-exploring this place.
 F = Levels seen in this place.
 G = Mean time per level.
                   A        B        C        D        E       F      G
               +--------+--------+--------+--------+--------+-----+--------+
         Total |   2763 |   2644 |    119 |    566 |   1631 |   4 |  690.8 |
       Dungeon |   2763 |   2644 |    119 |    566 |   1631 |   4 |  690.8 |
               +--------+--------+--------+--------+--------+-----+--------+

Top non-repeatable levels by time:
     D:3: 1158 daAuts
     D:2: 808 daAuts
     D:1: 774 daAuts
     D:4: 22 daAuts
